 Dungeon Crawl Stone Soup version 0.30.1-3-gfc49f6343a (webtiles) character file.

Game seed: 13347741080532990886

6452 Anriel the Skirmisher (level 10, -2/59 HPs)
             Began as a Deep Elf Hunter on July 28, 2023.
             Was a Priest of Okawaru.
             Slain by a hornet (14 damage)
             ... on level 10 of the Dungeon.
             The game lasted 01:06:53 (8974 turns).

Anriel the Skirmisher (Deep Elf Hunter)             Turns: 8974, Time: 01:06:54

Health: -2/59      AC:  8    Str: 10    XL:     10   Next: 67%
Magic:  19/19      EV: 16    Int: 15    God:    Okawaru [***...]
Gold:   212        SH:  0    Dex: 26    Spells: 19/19 levels left

rFire   . . .        a - +1 shortbow
rCold   + . .        (shield currently unavailable)
rNeg    . . .        e - +0 ring mail of the Apothecary {Regen+}
rPois   .            (no helmet)
rElec   .            (no cloak)
rCorr   .            i - +1 pair of gloves {hurl}
SInv    .            (no boots)
Will    +....        v - amulet of the acrobat
Stlth   +            o - +6 ring of dexterity
HPRegen 1.09/turn    u - ring of protection from cold
MPRegen 0.16/turn

%: acrobat
@: confused, lethally poisoned (-2 -> -6), ambrosia-drunk, slowed, very slow
A: no striking features
a: Renounce Religion, Heroism


You were on level 10 of the Dungeon.
You worshipped Okawaru.
Okawaru was most pleased with you.
You visited 2 branches of the dungeon, and saw 11 of its levels.

You collected 488 gold pieces.
You spent 276 gold pieces at shops.

Inventory:

Hand Weapons
 a - a +1 shortbow (weapon)
 E - the +10 hand axe of the Grim God {spect, rC+ Dex+4 Stlth+}
   (You took it off a kobold brigand on level 9 of the Dungeon)

   Dex:       It affects your dexterity (+4).
   rC:        It protects you from cold.
   Stlth:     It makes you more stealthy.
Armour
 e - the +0 ring mail of the Apothecary (worn) {Regen+}
   (You found it on level 2 of the Dungeon)

   Regen:     It increases your rate of health regeneration.
 i - a +1 pair of gloves of hurling (worn)
 r - the orb of Lan Irgh {*Rage, Int+3}
   (You found it on level 1 of the Dungeon)

   Int:       It affects your intelligence (+3).
 s - the +1 leather armour of the Vacuum {rElec}
   (You took it off an orc on level 3 of the Dungeon)

   rElec:     It insulates you from electricity.
 t - a scarf of shadows
 z - a +2 leather armour of fire resistance
Jewellery
 o - a +6 ring of dexterity (left hand)
 u - a ring of protection from cold (right hand)
 v - an amulet of the acrobat (around neck)
 G - the amulet "Ceifahun" {Faith rF+ rN+ Int+2 Dex-5}
   (You found it on level 9 of the Dungeon)

   [amulet of faith]

   It allows you to gain divine favour quickly.
   Int:       It affects your intelligence (+2).
   Dex:       It affects your dexterity (-5).
   rF:        It protects you from fire.
   rN:        It protects you from negative energy.
Wands
 k - a wand of flame (20)
 w - a wand of paralysis (12)
 B - a wand of acid (19)
Scrolls
 b - 2 scrolls of immolation
 d - 2 scrolls of fog
 p - 2 scrolls of teleportation
 y - a scroll of poison
 A - a scroll of enchant weapon
 D - 3 scrolls of magic mapping
Potions
 c - 2 potions of berserk rage
 f - a potion of cancellation
 g - 4 potions of brilliance
 h - 3 potions of curing
 j - a potion of haste
 m - a potion of mutation {unknown}
 n - a potion of invisibility {unknown}
 q - a potion of ambrosia
 x - 2 potions of magic
 C - 2 potions of flight


   Skills:
 - Level 5.0 Fighting
 + Level 11.5 Ranged Weapons
 + Level 5.9 Armour
 + Level 8.3 Dodging
 - Level 5.0 Stealth
 - Level 5.0 Spellcasting
 - Level 5.0 Invocations
 * Level 4.9 Evocations


You had 19 spell levels left.
You didn't know any spells.
Your spell library contained the following spells:

 Spells                   Type           Power      Damage    Failure   Level
 Sandblast                Erth           6%         2d5       36%         1
 Shock                    Conj/Air       12%        1d3       36%         1
 Passwall                 Tmut/Erth      2%         N/A       50%         2
 Gell's Gravitas          Tloc           3%         N/A       73%         3
 Stone Arrow              Conj/Erth      6%         3d7       73%         3
 Teleport Other           Tloc           3%         N/A       73%         3
 Leda's Liquefaction      Hex/Erth       1%         N/A       98%         4
 Freezing Cloud           Conj/Ice/Air   1%         6-21      100%        5
 Lee's Rapid Deconstruct  Erth           1%         3d4*      100%        5
 Yara's Violent Unravell  Hex/Tmut       1%         3d3       100%        5
 Dispersal                Tloc           1%         N/A       100%        6
 Statue Form              Tmut/Erth      2%         N/A       100%        6


Dungeon Overview and Level Annotations

Branches:
Dungeon (10/15)            Temple (1/1) D:7            Lair (0/5) D:8
    Orc: D:9-12

Altars:
Ashenzari
Cheibriados
Dithmenos
Elyvilon
Fedhas
Gozag
Hepliaklqana
Kikubaaqudgha
Makhleb
Nemelex Xobeh
Okawaru
Qazlal
Ru
Sif Muna
Trog
Uskayaw
Vehumet
Wu Jian
Xom
Yredelemnul
Zin
The Shining One

Shops:
D:3 *   D:4 :   D:7 ?


Message History

The arrow hits the hornet but does no damage.
The hornet is moderately wounded.
You feel sick. The hornet closely misses you.
Fire: a) +1 shortbow
Press: ? - help, Q - select action, (/) - cycle Shift-Dir - straight line, f/p - hornet
Aim: a hornet (moderately wounded, 62% to hit)
You shoot an arrow. The arrow hits the hornet.
The hornet is moderately wounded.
You feel sick. The hornet stings you.
You are more poisoned.
You feel yourself slow down. The hornet stings you.
You are more poisoned.
You feel as though you will be slow longer.
Fire: a) +1 shortbow
Press: ? - help, Q - select action, (/) - cycle Shift-Dir - straight line, f/p - hornet
Aim: a hornet (moderately wounded, 62% to hit)
You shoot an arrow. The arrow hits the hornet!
The hornet is severely wounded.
You feel extremely sick. The hornet stings you.
You are more poisoned.
You feel as though you will be slow longer.
The hornet stings you but does no damage.
Fire: a) +1 shortbow
Press: ? - help, Q - select action, (/) - cycle Shift-Dir - straight line, f/p - hornet
Aim: a hornet (heavily wounded, 62% to hit)
You shoot an arrow. The arrow misses the hornet.
You feel extremely sick. The hornet closely misses you. The hornet stings you!
* * * LOW HITPOINT WARNING * * *
You feel as though you will be slow longer.
The hornet closely misses you.
You are confused.
You feel invigorated.
You feel very sick. The hornet stings you.
* * * LOW HITPOINT WARNING * * *
You feel as though you will be slow longer.
The hornet stings you!
You die...

##..#.y#y## # ##...#..y### ##
#.......##.## .# ##..##......#
### .# #..........### ##.##
.####...........## ##...# ..#
##...........####...##
.####......##..y#.#....##
..##.......#.#..@.......#
...#................##.#####
......#.............######.##
.......................##...#
...............#.#.......#.##
............................#
...........................##
..........................###
...........[................##


You could see a hornet.

Vanquished Creatures
  A two-headed ogre (D:10)
  The ghost of Henri the Covert, a novice VSEn of Wu Jian (D:6)
  A manticore (D:8)
  A gargoyle (D:10)
  A kobold demonologist (D:8)
  A troll (D:10)
  Sigmund (D:2)
  A shadow (D:9)
  A vampire (D:9)
  A wraith (D:10)
  A yak (D:8)
  A steam dragon (D:8)
  3 water moccasins
  An orc warrior (D:8)
  3 ice beasts
  A black bear (D:4)
  3 ogres
  6 centaurs
  A phantom (D:5)
  A kobold brigand (D:9)
  A bullfrog (D:9)
  5 scorpions
  The ghost of kij the Trooper, a weakling MiBe of Trog (D:3)
  9 killer bees
  A howler monkey (D:8)
  3 jellies
  A hound (D:7)
  3 orc priests
  2 gnoll boudas (D:5)
  3 iguanas
  A sleepcap (D:7)
  13 orc wizards
  10 adders
  10 gnolls
  2 shadow imps
  A white imp (D:6)
  An ufetubus (D:7)
  A worm (D:4)
  2 dart slugs
  38 orcs
  8 endoplasms
  3 giant cockroaches
  4 goblins
  8 hobgoblins
  4 jackals (D:1)
  2 quokkas
  11 ball pythons
  6 bats
  2 frilled lizards
  17 kobolds
  5 rats
209 creatures vanquished.

Vanquished Creatures (others)
  A goblin (D:1)
1 creature vanquished.

Grand Total: 210 creatures vanquished

Notes
Turn   | Place    | Note
-------+----------+-------------------------------------------
     0 | D:1      | Anriel the Deep Elf Hunter began the quest for the Orb.
     0 | D:1      | Reached XP level 1. HP: 12/12 MP: 3/3
    45 | D:1      | Found a faded altar of an unknown god.
    94 | D:1      | Reached XP level 2. HP: 17/17 MP: 4/4
   227 | D:1      | Reached XP level 3. HP: 21/21 MP: 5/5
   424 | D:2      | Identified the +0 ring mail of the Apothecary {Regen+}
   500 | D:2      | Noticed Sigmund
   755 | D:3      | Reached XP level 4. HP: 25/27 MP: 6/6
   929 | D:3      | Found a runed translucent gate.
   930 | D:3      | Found a runed translucent gate.
   948 | D:3      | Found Saxkonays's Assorted Antiques.
  1460 | D:3      | Found a runed translucent gate.
  1461 | D:3      | Noticed kij's ghost (weakling MiBe)
  1466 | D:3      | Identified the +1 leather armour of the Vacuum {rElec}
  1741 | D:3      | Bought a scroll labelled RIEPHEBREMUP for 24 gold pieces
  1741 | D:3      | Bought a scroll labelled QAYPSO FAABYT for 24 gold pieces
  1741 | D:3      | Bought an orange potion for 21 gold pieces
  1741 | D:3      | Bought a dark potion for 21 gold pieces
  1919 | D:2      | Killed Sigmund
  1920 | D:2      | Reached skill level 6 in Ranged Weapons
  1920 | D:2      | Reached skill level 1 in Armour
  1920 | D:2      | Reached XP level 5. HP: 28/32 MP: 7/7
  2101 | D:2      | Reached XP level 6. HP: 37/37 MP: 8/8
  2408 | D:5      | Entered Level 5 of the Dungeon
  2572 | D:4      | Found a sacrificial altar of Ru.
  2626 | D:4      | Found Pyorayca's Tremendous Tomes.
  2846 | D:4      | Reached XP level 7. HP: 39/42 MP: 9/9
  2852 | D:4      | Reached skill level 7 in Ranged Weapons
  3048 | D:3      | Bought a silvery potion for 21 gold pieces
  3048 | D:3      | Bought a sedimented cyan potion for 21 gold pieces
  3180 | D:1      | Identified the orb of Lan Irgh {*Rage, Int+3}
  3299 | D:3      | Killed kij's ghost
  4036 | D:5      | Reached XP level 8. HP: 48/48 MP: 10/10
  4121 | D:5      | Reached skill level 5 in Dodging
  4335 | D:3      | Bought a glowing peridot ring for 120 gold pieces
  4402 | D:6      | Reached skill level 8 in Ranged Weapons
  4407 | D:6      | Noticed Henri's ghost (novice VSEn)
  4410 | D:6      | Found a runed translucent door.
  4794 | D:6      | Reached skill level 5 in Armour
  4822 | D:6      | Reached skill level 5 in Fighting
  4822 | D:6      | Reached skill level 1 in Spellcasting
  5010 | D:6      | Reached skill level 5 in Stealth
  5201 | D:6      | Reached skill level 9 in Ranged Weapons
  5201 | D:6      | Reached XP level 9. HP: 54/54 MP: 13/13
  5465 | D:6      | Found an iron altar of Okawaru.
  5465 | D:6      | Found a glowing silver altar of Zin.
  5470 | D:6      | Found a radiant altar of Vehumet.
  5472 | D:6      | Found a faded altar of an unknown god.
  5473 | D:6      | Found a faded altar of an unknown god.
  5487 | D:6      | Became a worshipper of Warmaster Okawaru
  5555 | D:6      | Killed Henri's ghost
  5556 | D:6      | Reached skill level 1 in Evocations
  5678 | D:7      | Found Plog's Magic Scroll Shop.
  5704 | D:7      | Bought a scroll of identify for 24 gold pieces
  5730 | D:7      | Found a white marble altar of Elyvilon.
  5814 | D:7      | Reached skill level 10 in Ranged Weapons
  5816 | D:7      | Found a staircase to the Ecumenical Temple.
  5826 | Temple   | Entered the Ecumenical Temple
  6211 | D:8      | Reached * piety under Okawaru
  6399 | D:8      | Found a snail-covered altar of Cheibriados.
  6401 | D:8      | Found a staircase to the Lair.
  6455 | D:8      | Reached skill level 1 in Invocations
  6503 | D:8      | Got Sif Muna's Vellum of Reshaped Conduction
  6505 | D:8      | Noticed a manticore
  6569 | D:8      | Noticed a kobold demonologist
  6577 | D:8      | Noticed an orange demon
  6580 | D:8      | Noticed a soul eater
  6581 | D:8      | Noticed a sixfirhy
  6583 | D:8      | Killed a kobold demonologist
  6584 | D:8      | Reached skill level 5 in Spellcasting
  6647 | D:8      | Noticed a boulder beetle
  6724 | D:8      | Reached ** piety under Okawaru
  7152 | D:8      | Killed a manticore
  7153 | D:8      | Reached XP level 10. HP: 20/59 MP: 16/19
  7662 | D:9      | Identified the +10 hand axe of the Grim God {spect, rC+
                  | Dex+4 Stlth+}
  7773 | D:9      | Reached skill level 11 in Ranged Weapons
  8043 | D:9      | Reached skill level 5 in Invocations
  8183 | D:9      | Identified the amulet "Ceifahun" {Faith rF+ rN+ Int+2
                  | Dex-5}
  8188 | D:9      | Found a burning altar of Makhleb.
  8258 | D:10     | Entered Level 10 of the Dungeon
  8481 | D:10     | Noticed a two-headed ogre
  8489 | D:10     | Killed a two-headed ogre
  8621 | D:10     | Noticed a gargoyle
  8663 | D:10     | Killed a gargoyle
  8663 | D:10     | Reached *** piety under Okawaru
  8974 | D:10     | Slain by a hornet

Illustrated notes

Levels and vault maps discovered:
D:1:      dpeg_arrival_long_road, layout_rooms, basic_ecumenical_altar,
          lemuel_flame_loot_1
D:2:      layout_basic, chequers_decorated_corner, uniq_sigmund
D:3:      minmay_octagon_keep, layout_basic, serial_shops, shop_statue,
          biasface_ghost_orc_armoury
D:4:      layout_cave_pools, nicolae_ru_path_of_blood,
          nicolae_shop_i_like_big_books, minivault_27
D:5:      layout_loops_cross
D:6:      layout_layer_cave, chequers_temple_overflow_minitemple,
          hellmonk_ghost_happy_afterlife
D:7:      layout_cave_pools, mainiacjoe_overflow_small_starburst,
          minmay_temple_entry_glassed_door, serial_shops, shop
D:8:      layout_basic, mainiacjoe_overflow_boulevard, lair_entry_dummy,
          mrwooster_statue_mirror, minmay_chambers_of_fives
D:9:      layout_loops_cross, lemuel_coloured_pillars_altar
D:10:     layout_cross, minmay_orc_keep
Temple:   hellmonk_temple_of_storms

Skill      XL: |  1  2  3  4  5  6  7  8  9 10 |
---------------+-------------------------------+-----
Fighting       | 2 3 4 5 |  5.0
Stealth        | 2 3 5 |  5.0
Dodging        | 3 4 5 7 8 |  8.3
Ranged Weapons | 6 7 9 10 11 | 11.5
Armour         | 1 2 3 5 |  5.9
Spellcasting   | 1 5 |  5.0
Evocations     | 2 4 |  4.9
Invocations    | 3 5 |  5.0

Action                     |  1- 3 |  4- 6 |  7- 9 | 10-12 || total
---------------------------+-------+-------+-------+-------++-------
   Fire: Shortbow          |    95 |   144 |   401 |   186 ||   826
 Invoke: Heroism           |       |       |     1 |     3 ||     4
  Evoke: Wand              |       |       |     2 |       ||     2
    Use: Scroll            |     2 |     5 |    12 |     6 ||    25
         Potion            |       |       |     3 |     3 ||     6
 Armour: Leather armour    |     3 |       |    11 |       ||    14
         Ring mail         |     8 |    21 |    49 |    26 ||   104
  Dodge: Dodged            |    28 |    26 |   142 |   149 ||   345
